 Dungeon Crawl Stone Soup version 0.23-a0-607-g760965b (webtiles) character file.

470 Leeroy the Charmwright (level 7, -3/56 HPs)
             Began as a Gnoll Skald on Dec 20, 2018.
             Killed by divine providence
             ... invoked by an orc priest
              (9 damage)
             ... on level 3 of the Dungeon.
             The game lasted 00:09:07 (2758 turns).

Leeroy the Charmwright (Gnoll Skald)                Turns: 2758, Time: 00:09:08

Health: -3/56      AC: 13    Str: 13    XL:     7   Next: 9%
Magic:  9/15       EV: 11    Int: 17    God:
Gold:   114        SH:  0    Dex: 15    Spells: 6/17 levels left

rFire    . . .     SeeInvis .   a - +0 falchion
rCold    . . .     Gourm    .   (no shield)
rNeg     + . .     Faith    .   C - +0 pearl dragon scales
rPois    .         Spirit   .   (no helmet)
rElec    .         Reflect  .   A - +0 cloak
rCorr    .         Harm     .   c - +0 pair of gloves
MR       .....                  (no boots)
Stlth    ..........             (no amulet)
HPRegen  0.18/turn              (no ring)
MPRegen  0.14/turn              (no ring)

@: very slightly contaminated
A: distributed training, fangs 1, strong nose
a: no special abilities


You were on level 3 of the Dungeon.
You were very hungry.

You visited 1 branch of the dungeon, and saw 4 of its levels.

You collected 114 gold pieces.

Inventory:

Hand Weapons
 a - a +0 falchion (weapon)
 e - a +0 dagger
 q - a +0 long sword
 w - a +2 dagger of protection
 y - a +0 rapier
 z - a +0 hunting sling
Missiles
 g - 70 sling bullets
 i - 112 stones (quivered)
 j - 48 bolts
 p - 8 javelins
 v - 20 arrows
 I - 6 needles of paralysis
Armour
 b - a +0 leather armour
 c - a +0 pair of gloves (worn)
 A - a +0 cloak (worn)
 C - +0 pearl dragon scales (worn)
Jewellery
 n - an uncursed ring of protection from fire
 s - an uncursed ring of fire {unknown}
 G - an uncursed amulet of faith
Wands
 t - a wand of polymorph (5)
Scrolls
 k - a scroll of amnesia {unknown}
 m - a scroll of immolation {unknown}
 r - a scroll of fog {unknown}
 u - a scroll of random uselessness {unknown}
 E - 3 scrolls of remove curse {unknown}
 F - a scroll of teleportation {unknown}
Potions
 f - a potion of berserk rage
 h - a potion of heal wounds
 l - a potion of magic {unknown}
 o - a potion of curing {unknown}
 x - a potion of brilliance
 B - a potion of flight {unknown}
 H - 2 potions of ambrosia {unknown}
Comestibles
 d - 8 rations


   Skills:
 + Level 5.1 Fighting
 + Level 2.2 Short Blades
 + Level 5.1 Long Blades
 + Level 2.2 Axes
 + Level 2.2 Maces & Flails
 + Level 2.2 Polearms
 + Level 2.2 Staves
 + Level 2.2 Slings
 + Level 2.2 Bows
 + Level 2.2 Crossbows
 + Level 2.2 Throwing
 + Level 3.4 Armour
 + Level 5.1 Dodging
 + Level 2.2 Stealth
 + Level 2.2 Shields
 + Level 2.2 Unarmed Combat
 + Level 5.5 Spellcasting
 + Level 1.8 Conjurations
 + Level 1.8 Hexes
 + Level 5.7 Charms
 + Level 1.8 Summonings
 + Level 1.8 Necromancy
 + Level 1.8 Translocations
 + Level 1.8 Transmutations
 + Level 1.8 Fire Magic
 + Level 1.8 Ice Magic
 + Level 1.8 Air Magic
 + Level 1.8 Earth Magic
 + Level 1.8 Poison Magic
 + Level 2.4 Invocations
 + Level 2.2 Evocations


You had 6 spell levels left.
You knew the following spells:

 Your Spells              Type           Power        Failure   Level  Hunger
a - Infusion              Chrm           ###.         8%          1    None
b - Song of Slaying       Chrm           ###.....     12%         2    #......
c - Shroud of Golubria    Chrm/Tloc      ###.......   26%         2    #......
d - Regeneration          Chrm/Necr      ###.......   47%         3    ##.....
e - Spectral Weapon       Hex/Chrm       ###.....     47%         3    ##.....

Your spell library contained the following spells:

 Spells                   Type           Power        Failure   Level  Hunger


Dungeon Overview and Level Annotations

Branches:
Dungeon (4/15)
 Temple: D:4-7

Altars:
Elyvilon
Gozag
Kikubaaqudgha
Makhleb
Nemelex Xobeh
Qazlal
Sif Muna


Innate Abilities, Weirdness & Mutations

Your experience applies equally to all skills.
You have very sharp teeth.
Your uncanny sense of smell can sniff out nearby items.


Message History

You closely miss the orc. You punch the orc.
The orc is almost dead.
Your spectral weapon hits the orc.
You kill the orc!
The bat hits you but does no damage. The bat misses you.
You riposte.
You closely miss the bat.
The bat hits your spectral weapon but does no damage.
The bat closely misses your spectral weapon.
A quokka comes into view.
The bat completely misses your spectral weapon.
The bat misses your spectral weapon.
The bat hits your spectral weapon but does no damage.
You hit the quokka.
You kill the quokka!
You swap places.
Your pearl dragon scales prevents you from hitting the orc priest.
The orc priest is lightly wounded.
The orc priest calls down the wrath of Beogh upon you.
Beogh smites you!
You die...

.## #..))......##.####.##. #.##
#.##†#.#..............
##.#########.)).o.........#######
##.......##..#.....#.##......
##.####.##..#######.#........
##.## #................######
##..# ########b######..# #.#>#
#o# #... .##.# #@# #.## ###.# #(#
#.# #.# #.# #.# #.# #.# #.# #.#
#.# #.# #.# #.# #.# #.#


You could see an orc priest, a bat and a friendly spectral +0 falchion.

Vanquished Creatures
  A phantom (D:4)
  4 hounds (D:4)
  An orc priest (D:3)
  A bullfrog skeleton (D:4)
  An orc wizard (D:3)
  Natasha (D:2)
  4 gnolls (D:3)
  2 adders
  2 oozes
  2 dart slugs
  A leopard gecko (D:1)
  7 orcs
  2 ball pythons
  5 giant cockroaches
  17 goblins
  8 hobgoblins
  8 jackals
  4 quokkas
  5 bats (D:1)
  5 frilled lizards (D:1)
  A kobold (D:3)
  2 rats (D:1)
84 creatures vanquished.

Notes
Turn   | Place    | Note
-------+----------+-------------------------------------------
     0 | D:1      | Leeroy the Gnoll Skald began the quest for the Orb.
     0 | D:1      | Reached XP level 1. HP: 20/20 MP: 6/6
   131 | D:1      | Reached XP level 2. HP: 20/26 MP: 7/7
   138 | D:1      | Learned a level 2 spell: Song of Slaying
   141 | D:1      | Learned a level 2 spell: Shroud of Golubria
   169 | D:1      | Found a sparkling altar of Nemelex Xobeh.
   402 | D:1      | Reached XP level 3. HP: 31/31 MP: 9/9
   407 | D:1      | Learned a level 3 spell: Regeneration
   411 | D:1      | Learned a level 3 spell: Spectral Weapon
   443 | D:1      | Reached skill level 5 in Spellcasting
   690 | D:1      | Reached skill level 1 in Invocations
  1006 | D:2      | You fall through a shaft for 2 floors!
  1015 | D:4      | Found a white marble altar of Elyvilon.
  1043 | D:4      | Found an opulent altar of Gozag.
  1084 | D:4      | Reached skill level 1 in Short Blades
  1084 | D:4      | Reached skill level 1 in Axes
  1084 | D:4      | Reached skill level 1 in Maces & Flails
  1084 | D:4      | Reached skill level 1 in Polearms
  1084 | D:4      | Reached skill level 1 in Staves
  1084 | D:4      | Reached skill level 1 in Slings
  1084 | D:4      | Reached skill level 1 in Bows
  1084 | D:4      | Reached skill level 1 in Crossbows
  1084 | D:4      | Reached skill level 1 in Throwing
  1084 | D:4      | Reached skill level 1 in Stealth
  1084 | D:4      | Reached skill level 1 in Shields
  1084 | D:4      | Reached skill level 1 in Unarmed Combat
  1084 | D:4      | Reached skill level 1 in Evocations
  1084 | D:4      | Reached XP level 4. HP: 34/38 MP: 11/11
  1137 | D:4      | Found an ancient bone altar of Kikubaaqudgha.
  1169 | D:4      | Reached skill level 1 in Conjurations
  1169 | D:4      | Reached skill level 1 in Hexes
  1169 | D:4      | Reached skill level 1 in Summonings
  1169 | D:4      | Reached skill level 1 in Necromancy
  1169 | D:4      | Reached skill level 1 in Translocations
  1169 | D:4      | Reached skill level 1 in Transmutations
  1169 | D:4      | Reached skill level 1 in Fire Magic
  1169 | D:4      | Reached skill level 1 in Ice Magic
  1169 | D:4      | Reached skill level 1 in Air Magic
  1169 | D:4      | Reached skill level 1 in Earth Magic
  1169 | D:4      | Reached skill level 1 in Poison Magic
  1208 | D:4      | Reached XP level 5. HP: 31/43 MP: 12/12
  1275 | D:4      | Found a burning altar of Makhleb.
  1632 | D:4      | Noticed a phantom
  1689 | D:4      | Killed a phantom
  1689 | D:4      | Reached XP level 6. HP: 14/50 MP: 7/14
  1900 | D:3      | Found a deep blue altar of Sif Muna.
  2041 | D:3      | Reached skill level 5 in Fighting
  2041 | D:3      | Reached skill level 5 in Long Blades
  2041 | D:3      | Reached skill level 5 in Dodging
  2100 | D:3      | HP: 1/51 [something/magic dart (6)]
  2118 | D:3      | HP: 2/51 [gnoll (1)]
  2249 | D:2      | Found a stormy altar of Qazlal.
  2326 | D:2      | Noticed Natasha
  2340 | D:2      | Killed Natasha
  2355 | D:2      | Found a faded altar of an unknown god.
  2691 | D:3      | Reached XP level 7. HP: 42/56 MP: 11/15
  2758 | D:3      | Killed from afar by an orc priest

Vault maps used:
D:1:      eino_arrival_cavern_b, serial_bayou_pond_c,
          nemelex_diamond_rough_becter
D:2:      chequers_ecumenical_altar_island, mrwooster_statue_mirror,
          nicolae_qazlal_eye_of_the_storm, uniq_natasha
D:3:      lemuel_blue_sif_altar
D:4:      marbit_many_paths, kiku_gazebo_garden_becter,
          nicolae_gozag_seed_capital, makhleb_blood_cavern_becter, first_ration,
          minmay_misc_feat_columns, minmay_goblin_outpost

Skill      XL: |  1  2  3  4  5  6 |
---------------+-------------------+-----
Spellcasting   | 5 |  5.5
Invocations    | 1 2 |  2.4
Short Blades   | 1 2 |  2.2
Axes           | 1 2 |  2.2
Maces & Flails | 1 2 |  2.2
Polearms       | 1 2 |  2.2
Staves         | 1 2 |  2.2
Slings         | 1 2 |  2.2
Bows           | 1 2 |  2.2
Crossbows      | 1 2 |  2.2
Throwing       | 1 2 |  2.2
Stealth        | 1 2 |  2.2
Shields        | 1 2 |  2.2
Unarmed Combat | 1 2 |  2.2
Evocations     | 1 2 |  2.2
Conjurations   | 1 |  1.8
Hexes          | 1 |  1.8
Summonings     | 1 |  1.8
Necromancy     | 1 |  1.8
Translocations | 1 |  1.8
Transmutations | 1 |  1.8
Fire Magic     | 1 |  1.8
Ice Magic      | 1 |  1.8
Air Magic      | 1 |  1.8
Earth Magic    | 1 |  1.8
Poison Magic   | 1 |  1.8
Armour         | 3 |  3.4
Fighting       | 5 |  5.1
Long Blades    | 5 |  5.1
Dodging        | 5 |  5.1
Charms         | |  5.7

Action                   |  1- 3 |  4- 6 |  7- 9 || total
-------------------------+-------+-------+-------++-------
Melee: Falchion          |   105 |   175 |    46 ||   326
       Bite              |     7 |    20 |     5 ||    32
       Punch             |       |     1 |     1 ||     2
Throw: Stone             |       |       |     1 ||     1
 Cast: Spectral Weapon   |       |     3 |     1 ||     4
       Regeneration      |       |     2 |     1 ||     3
       Song of Slaying   |       |     1 |       ||     1
       Shroud of Golubri |       |     1 |       ||     1
  Use: Potion            |       |     2 |     1 ||     3
       Scroll            |       |     2 |       ||     2
 Stab: Sleeping          |       |     1 |       ||     1
  Eat: Chunk             |     1 |     5 |       ||     6
Armor: Leather armour    |    25 |    14 |       ||    39
       Pearl dragon scal |       |    33 |    54 ||    87
Dodge: Dodged            |    78 |   117 |    46 ||   241
       Rpst.: Falchion   |    22 |    38 |    13 ||    73

Table legend:
 A = Non-vault XP
 B = Vault XP
 C = Vault XP percentage of total XP
 D = Non-vault monster count
 E = Vault monster count
 F = Vault count percentage of total count
                 A         B        C        D         E       F
            +---------+---------+-------+---------+---------+-------
      Total |     575 |      97 |  14.4 |      72 |      12 |  14.3
            +---------+---------+-------+---------+---------+-------
        D:1 |      57 |       0 |   0.0 |      33 |       0 |   0.0
        D:2 |      22 |      36 |  62.1 |       7 |       1 |  12.5
        D:3 |     192 |       0 |   0.0 |      24 |       0 |   0.0
        D:4 |     304 |      61 |  16.7 |       8 |      11 |  57.9
            +---------+---------+-------+---------+---------+-------
